 Dungeon Crawl Stone Soup version 0.30-a0-782-ge64f9170bb (webtiles) character file.

Game seed: 13306113968311553636

125 funkygono the Covered (level 4, -5/40 HPs)
             Began as a Minotaur Fighter on Mar 7, 2023.
             Slain by a gnoll
             ... wielding a +0 club
              (8 damage)
             ... on level 3 of the Dungeon.
             The game lasted 00:02:59 (2046 turns).

funkygono the Covered (Minotaur Fighter)            Turns: 2046, Time: 00:02:59

Health: -5/40      AC:  7    Str: 23    XL:     4   Next: 82%
Magic:  3/3        EV:  9    Int:  5    God:
Gold:   174        SH:  4    Dex:  9    Spells: 3/3 levels left

rFire   . . .      SeeInvis .    a - +0 long sword
rCold   . . .      Faith    .    c - +0 buckler
rNeg    . . .      Spirit   .    b - +0 scale mail
rPois   .          Reflect  .    (helmet restricted)
rElec   .          Harm     .    (no cloak)
rCorr   .          Rampage  .    (no gloves)
Will    .....                    (no boots) Stlth
                                 e - amulet of the acrobat
HPRegen 0.26/turn                (no ring)
MPRegen 0.08/turn                (no ring)

@: very slow
A: horns 2, retaliatory headbutt
a: no special abilities


You were on level 3 of the Dungeon.
You visited 1 branch of the dungeon, and saw 3 of its levels.

You collected 174 gold pieces.

Inventory:

Hand Weapons
 a - a +0 long sword (weapon)
Missiles
 q - 2 poisoned darts (quivered)
Armour
 b - a +0 scale mail (worn)
 c - a +0 buckler (worn)
Jewellery
 e - an amulet of the acrobat (around neck)
Scrolls
 g - a scroll of fear {unknown}
 h - a scroll of silence {unknown}
 k - 2 scrolls of enchant armour {unknown}
 l - 3 scrolls of teleportation {unknown}
 m - 3 scrolls of identify {unknown}
 o - a scroll of fog {unknown}
 p - a scroll of amnesia {unknown}
Potions
 d - 4 potions of might
 f - 3 potions of attraction {unknown}
 i - a potion of heal wounds {unknown}
 j - 3 potions of curing {unknown}
 n - a potion of berserk rage {unknown}
 r - a potion of lignification {unknown}


   Skills:
 + Level 4.2 Fighting
 + Level 3.9 Long Blades
 + Level 4.8 Armour
 + Level 0.5 Dodging
 + Level 4.4 Shields


You had 3 spell levels left.
You didn't know any spells.
Your spell library contained the following spells:

 Spells                   Type           Power      Damage    Failure   Level
 Magic Dart               Conj           0%         1d3       86%         1
 Blink                    Tloc           0%         N/A       94%         2
 Call Imp                 Summ           0%         N/A       94%         2
 Mephitic Cloud           Conj/Pois/Air  0%         N/A       99%         3
 Manifold Assault         Tloc           0%         N/A       100%        4
 Storm Form               Tmut/Air       0%         N/A       100%        7


Dungeon Overview and Level Annotations

Branches:
Dungeon (3/15)

Altars:

Shops:
D:1 *[=**


Innate Abilities, Weirdness & Mutations

You have a pair of horns on your head.
You reflexively headbutt those who attack you in melee.


Message History

The gnoll splashes around in the water. x2
You barely miss the gnoll.
The gnoll is heavily wounded.
The gnoll looks more healthy.
The gnoll hits you with a +0 club.
The gnoll hits you from afar with a +0 spear.
You hit the gnoll but do no damage.
The gnoll is heavily wounded.
The gnoll barely misses you. The gnoll closely misses you.
You closely miss the gnoll.
The gnoll is heavily wounded.
The gnoll splashes around in the water.
The gnoll hits you from afar with a +0 spear.
You hit the gnoll.
The gnoll is heavily wounded.
The gnoll misses you.
The gnoll hits you from afar with a +0 spear.
The gnoll hits you with a +0 club.
You hit the gnoll. Your headbutt misses the gnoll.
The gnoll is heavily wounded.
The gnoll hits you from afar with a +0 spear.
The gnoll hits you with a +0 club.
* * * LOW HITPOINT WARNING * * *
The gnoll barely misses you.
You barely miss the gnoll.
The gnoll is heavily wounded.
You block the gnoll's attack.
The gnoll hits you from afar with a +0 spear.
* * * LOW HITPOINT WARNING * * *
You barely miss the gnoll.
The gnoll is heavily wounded.
The gnoll hits you but does no damage.
The gnoll hits you from afar with a +0 spear.
* * * LOW HITPOINT WARNING * * *
You hit the gnoll. Your headbutt misses the gnoll.
The gnoll is almost dead.
The gnoll splashes around in the water.
The gnoll hits you from afar with a +0 spear.
* * * LOW HITPOINT WARNING * * *
The gnoll hits you with a +0 club!
You die...

#### ~~≈~≈≈≈≈≈P≈P~~♣~~♣♣
# ~♣P≈≈≈≈≈≈≈≈≈~P~P~~~♣♣#
#
~~≈≈≈≈≈≈≈≈≈≈~≈~~~♣P~~♣#.
#
~≈≈≈≈≈≈≈≈≈≈≈≈~~~P~~~PP..
~~≈≈≈≈≈≈≈≈≈≈≈~~♣~~~~♣♣.#
~(≈≈≈≈≈≈≈≈≈≈~~P~~~P♣♣ #
~(~(~≈≈≈≈≈≈~~~~~PP♣P...#
~~PP~gg≈~~♣~~♣PP♣♣~#####
~♣♣~~P@~~~P~♣♣♣~P~#
♣~~♣♣♣♣♣♣♣~♣♣#### ♣~
♣~~~~....# # ###......#
##.....# #.....# #...>.#
#######


You could see 2 gnolls.

Vanquished Creatures
  A jelly (D:3)
  2 gnolls
  2 adders
  2 worms
  2 dart slugs (D:2)
  4 bats
  5 endoplasms
  A giant cockroach (D:1)
  3 goblins
  4 hobgoblins
  2 kobolds (D:3)
  4 quokkas
  7 ball pythons
  2 frilled lizards (D:2)
  8 rats
49 creatures vanquished.

Vanquished Creatures (others)
  7 plants (D:3)
7 creatures vanquished.

Grand Total: 56 creatures vanquished

Notes
Turn   | Place    | Note
-------+----------+-------------------------------------------
     0 | D:1      | funkygono the Minotaur Fighter began the quest for the Orb.
     0 | D:1      | Reached XP level 1. HP: 19/19 MP: 0/0
    54 | D:1      | Found Doafaog's Jewellery Shoppe.
    96 | D:1      | Found Dait Ott's Assorted Antiques.
   160 | D:1      | Found Jiti's Antique Armour Emporium.
   174 | D:1      | Found Lipnoune's Assorted Antiques.
   214 | D:1      | Reached XP level 2. HP: 14/27 MP: 1/1
   416 | D:1      | Found Uckivynu's Assorted Antiques.
   974 | D:2      | Reached XP level 3. HP: 32/33 MP: 2/2
  1575 | D:3      | Reached XP level 4. HP: 23/40 MP: 3/3
  2046 | D:3      | Slain by a gnoll

Illustrated notes

Levels and vault maps discovered:
D:1:      scummos_arrival_star, layout_loops_ring, serial_shops, shop, shop,
          nicolae_shop_waterfront, nicolae_shop_trees, shop,
          serial_bayou_lagoon_a
D:2:      layout_loops_ring, minmay_crystal_water, chequers_serial_rivers_room_b
D:3:      layout_rooms, serial_bayou_lake_a

Skill      XL: |  1  2  3  4 |
---------------+-------------+-----
Shields        | 4 |  4.4
Fighting       | 4 |  4.2
Armour         | 4 |  4.8
Long Blades    | 3 |  3.9
Dodging        | |  0.5

Action                     |  1- 3 |  4- 6 || total
---------------------------+-------+-------++-------
  Melee: Long sword        |    67 |    53 ||   120
         Headbutt          |    12 |     3 ||    15
  Throw: Dart              |       |    14 ||    14
 Armour: Scale mail        |    31 |    20 ||    51
  Dodge: Dodged            |    48 |    40 ||    88
  Block: Buckler           |    16 |    17 ||    33

Table legend: (Time is in decaauts)
 A = Elapsed time spent in this place.
 B = Non-inter-level travel time spent in this place.
 C = Inter-level travel time spent in this place.
 D = Time resting spent in this place.
 E = Time spent auto-exploring this place.
 F = Levels seen in this place.
 G = Mean time per level.
                   A        B        C        D        E       F      G
               +--------+--------+--------+--------+--------+-----+--------+
         Total |   2104 |   2017 |     87 |     86 |   1547 |   3 |  701.3 |
       Dungeon |   2104 |   2017 |     87 |     86 |   1547 |   3 |  701.3 |
               +--------+--------+--------+--------+--------+-----+--------+

Top non-repeatable levels by time:
     D:2: 911 daAuts
     D:1: 770 daAuts
     D:3: 422 daAuts
